 Dungeon Crawl Stone Soup version 0.13.0-67-g7ee5eca (webtiles) character file.

129 Lilouch the Firebug (level 3, -1/24 HPs)
             Began as a Mummy Fire Elementalist on Nov 27, 2013.
             Slain by an adder (5 damage)
             ... on Level 2 of the Dungeon.
             The game lasted 00:05:32 (1547 turns).

Lilouch the Firebug (Mummy Fire Elementalist)       Turns: 1547, Time: 00:05:32

HP  -1/24        AC  4     Str 11      XL: 3   Next: 35%
MP   1/6         EV 12     Int 15      God:
Gold 87          SH  0     Dex 12      Spells:  1 memorised,  4 levels left

Res.Fire  : x . .   See Invis. : .   e - -2 club (curse)
Res.Cold  : + . .   Warding    : .   a - +0 robe
Life Prot.: + + +   Conserve   : .   (no shield)
Res.Poison: +       Res.Corr.  : .   (no helmet)
Res.Elec. : .       Clarity    : .   d - +1 dwarf cloak
Sust.Abil.: . .     Spirit.Shd : .   (no gloves)
Res.Mut.  : .       Stasis     : .   (no boots)
Res.Rott. : +       Flight     : .   (no amulet)
Saprovore : . . .                    (no ring)
                                     (no ring)

@: very slightly contaminated, slightly resistant to hostile enchantments,
unstealthy
A: no food or potions, fire vulnerability, restore body, cold resistance 1, life
protection 3, poison resistance, torment resistance, unbreathing
a: no special abilities


You were on level 2 of the Dungeon.
You were not hungry.

You visited 1 branch of the dungeon, and saw 2 of its levels.

You collected 67 gold pieces.

Inventory:

Hand weapons
 e - a cursed -2,-2 club (weapon)
 g - a +0,+0 club (quivered)
 h - a +0,+0 dagger
 j - a +0,+0 sling
 k - a +0,+0 dagger
Missiles
 i - 13 stones
Armour
 a - a +0 robe (worn)
 d - a +1 dwarven cloak (worn)
Scrolls
 c - a scroll of noise {unknown}
 f - 2 scrolls of identify {unknown}
Books
 b - a book of Flames

   Spells                             Type                      Level
   *Flame Tongue                      Conjuration/Fire             1
   Throw Flame                        Conjuration/Fire             2
   Conjure Flame                      Conjuration/Fire             3
   Inner Flame                        Hexes/Fire                   3
   Sticky Flame                       Conjuration/Fire             4
   Fireball                           Conjuration/Fire             5


   Skills:
 - Level 1.5 Dodging
 - Level 1.5 Stealth
 + Level 1.5 Spellcasting
 + Level 1.3 Conjurations
 * Level 3.2 Fire Magic


You had 4 spell levels left.
You knew the following spells:

 Your Spells              Type           Power        Failure   Level  Hunger
a - Flame Tongue          Conj/Fire      #....        12%         1    N/A

Dungeon Overview and Level Annotations

Branches:
Dungeon (2/27)

Altars:


Innate Abilities, Weirdness & Mutations

You do not eat or drink.
Your flesh is vulnerable to fire.
Your flesh is cold resistant.
You are immune to negative energy.
Your system is resistant to poisons.
You are immune to unholy pain and torment.
You can survive without breathing.


Message History

You miss the adder.
The adder is severely wounded.
The adder closely misses you. The adder bites you.
You closely miss the adder.
The adder is severely wounded.
The adder barely misses you.
You barely miss the adder.
The adder is severely wounded.
The adder bites you.
You closely miss the adder.
The adder is severely wounded.
The adder bites you.
* * * LOW HITPOINT WARNING * * *
The adder closely misses you.
You completely miss the adder.
The adder is severely wounded.
The adder bites you.
* * * LOW HITPOINT WARNING * * *
The adder bites you.
You die...

# . .. .#. #..#.
. .. #.#.
###.#.####.#####
#..[...?........
#.#.#.@###.##+##
##.#.#.S#
##..#....#
#####.%.####.#
..........###.#
#........#
##.####### #.##
#..#


You could see an adder.

Vanquished Creatures
  A giant mite (D:1)
  An ooze (D:1)
  8 bats (D:1)
  5 giant cockroaches (D:1)
  5 goblins (D:1)
  4 hobgoblins
  A ball python (D:1)
  A giant gecko (D:1)
  A kobold (D:1)
  7 rats (D:1)
34 creatures vanquished.

Notes
Turn   | Place    | Note
--------------------------------------------------------------
     0 | D:1      | Lilouch, the Mummy Fire Elementalist, began the quest for the Orb.
     0 | D:1      | Reached XP level 1. HP: 13/13 MP: 3/3
     0 | D:1      | Noticed a minotaur zombie
     1 | D:1      | Noticed a draconian zombie
     1 | D:1      | Noticed a spriggan zombie
    10 | D:1      | Noticed an octopode zombie
    12 | D:1      | Noticed an elf zombie
    12 | D:1      | Noticed a human zombie
    13 | D:1      | Noticed a merfolk zombie
    16 | D:1      | Noticed a centaur zombie
    18 | D:1      | Noticed a troll zombie
    19 | D:1      | Noticed a spriggan zombie
    43 | D:1      | Reached skill level 1 in Conjurations
   432 | D:1      | Reached XP level 2. HP: 19/19 MP: 1/4
   737 | D:1      | Reached skill level 3 in Fire Magic
   880 | D:1      | Reached XP level 3. HP: 18/24 MP: 0/6
  1547 | D:2      | Slain by an adder

Action                   || total
-------------------------++-------
Melee: Unarmed           ||     1
       Club              ||    59
 Cast: Flame Tongue      ||    53
